 Dungeon Crawl Stone Soup version 0.18-a0-1561-g7b1e397 (webtiles) character file.

168 DarthRa the Covered (level 5, 0/41 HPs)
             Began as a Demonspawn Abyssal Knight on Mar 13, 2016.
             Was a Believer of Lugonu.
             Succumbed to a scorpion's poison
             ... on level 3 of the Dungeon.
             The game lasted 00:20:42 (4375 turns).

DarthRa the Covered (Demonspawn Abyssal Knight)     Turns: 4375, Time: 00:20:42

Health: 0/41       AC: 14    Str: 12    XL:     5   Next: 23%
Magic:  6/6        EV:  5    Int: 14    God:    Lugonu [**....]
Gold:   113        SH:  0    Dex: 13    Spells: 0 memorised, 4 levels left

rFire  . . .     SeeInvis .     e - -1 hand axe (curse)
rCold  + . .     Gourm    .     o - +0 chain mail {rC+}
rNeg   + . .     Faith    .     (no shield)
rPois  .         Spirit   +     (no helmet)
rElec  .         Dismiss  .     n - +0 cloak
rCorr  .         Reflect  .     (no gloves)
SustAt .         Harm     .     (no boots)
MR     .....                    (no amulet)
Stlth  ..........               q - ring of wizardry
                                g - ring of positive energy

@: lethally poisoned (0 -> -2), very slightly contaminated, not resistant to
hostile enchantments, extremely unstealthy
A: iridescent scales 1, magic shield, magic regeneration
a: Depart the Abyss, Bend Space, Renounce Religion


You were on level 3 of the Dungeon.
You worshipped Lugonu.
Lugonu was pleased with you.
You were not hungry.

You visited 1 branch of the dungeon, and saw 3 of its levels.
You visited the Abyss 1 time.

You collected 113 gold pieces.

Inventory:

Hand Weapons
 a - a +1 falchion
 e - a cursed -1 hand axe (weapon)
 f - a +1 short sword of venom
 m - a +2 dagger of flaming
Missiles
 h - 137 stones (quivered)
 i - 11 sling bullets of frost
 t - 17 poisoned needles
Armour
 b - a +0 leather armour
 n - a +0 cloak (worn)
 o - a +0 chain mail of cold resistance (worn)
Jewellery
 g - a ring of positive energy (left hand)
 q - a ring of wizardry (right hand)
Scrolls
 k - a scroll of identify
Books
 p - a Grand Grimoire

   Spells                             Type                      Level
   a - Monstrous Menagerie            Summoning                    7
   b - Summon Greater Demon           Summoning                    7
   c - Malign Gateway                 Summoning/Translocation      7
   d - Summon Horrible Things         Summoning                    8
Comestibles
 c - 4 bread rations
 d - a slice of pizza
 j - 4 fruits
 l - a chunk of flesh


   Skills:
 - Level 3.0 Fighting
 - Level 1.7 Long Blades
 - Level 2.7 Throwing
 + Level 3.9 Armour
 - Level 0.8 Dodging
 - Level 2.4 Invocations


You had 4 spell levels left.
You didn't know any spells.

Dungeon Overview and Level Annotations

Branches:
Dungeon (3/15)

Altars:
Fedhas


Innate Abilities, Weirdness & Mutations

You are partially covered in iridescent scales (AC +4).
When hurt, damage is shared between your health and your magic reserves.
You regenerate magic rapidly.


Message History

You see here a whip.
* * * LOW HITPOINT WARNING * * *
You feel sick.
* * * LOW HITPOINT WARNING * * *
You feel sick.
* * * LOW HITPOINT WARNING * * *
You feel sick.
* * * LOW HITPOINT WARNING * * *
You feel sick.
* * * LOW HITPOINT WARNING * * *
You feel sick.
* * * LOW HITPOINT WARNING * * *
You feel sick.
You aren't carrying any potions.
You aren't carrying any items that can be evoked.
* * * LOW HITPOINT WARNING * * *
You feel sick.
* * * LOW HITPOINT WARNING * * *
You feel sick.
You die...

###### #.##.# #.#
#....# #.#.# #s#
####.# #..#### #.#
###.# ##....# #.#
#...# ##..##.# #.#
#.#### #.#.##.# #.#
#....## #.##.##.# #.#
#+#
#.###.#######.##.###.#
#.# #.#
#......@......s..# ..
#.###.################
######....##
.......#### ######.# #
#.# # #.# # #.# # #.#


You could see a scorpion.

Vanquished Creatures
  Natasha (D:3)
  5 adders
  An ooze (D:1)
  6 worms
  A dart slug (D:1)
  2 giant geckos (D:2)
  5 giant cockroaches
  5 goblins
  9 hobgoblins
  8 jackals
  A quokka (D:2)
  2 ball pythons (D:1)
  2 bats (D:1)
  4 giant newts
  10 kobolds
  9 rats
71 creatures vanquished.

Notes
Turn   | Place    | Note
--------------------------------------------------------------
     0 | Abyss:1  | DarthRa the Demonspawn Abyssal Knight began the quest for the Orb.
     0 | Abyss:1  | Reached XP level 1. HP: 18/18 MP: 2/2
    20 | Abyss:1  | Found a corrupted altar of Lugonu.
    56 | Abyss:1  | Noticed a worldbinder
    57 | Abyss:1  | Noticed a hell hound
    57 | Abyss:1  | Noticed a swamp drake
    58 | D:1      | Escaped the Abyss
   347 | D:1      | Reached skill level 1 in Throwing
   435 | D:1      | Gained mutation: You are partially covered in iridescent scales (AC +4). [demonic ancestry]
   435 | D:1      | Reached XP level 2. HP: 24/24 MP: 3/3
   523 | D:1      | Reached * piety under Lugonu
   968 | D:1      | Reached XP level 3. HP: 27/29 MP: 4/4
  1358 | D:2      | Reached ** piety under Lugonu
  1715 | D:2      | Gained mutation: When hurt, damage is shared between your health and your magic reserves. [demonic ancestry]
  1715 | D:2      | Reached XP level 4. HP: 10/35 MP: 5/5
  3777 | D:3      | Found a blossoming altar of Fedhas.
  3868 | D:3      | Noticed Natasha
  3899 | D:3      | Killed Natasha
  3899 | D:3      | Gained mutation: You regenerate magic rapidly. [demonic ancestry]
  3899 | D:3      | Reached XP level 5. HP: 28/41 MP: 4/6
  4367 | D:3      | HP: 2/41 [poisoned by a scorpion]
  4372 | D:3      | HP: 1/41 [poisoned by a scorpion]
  4375 | D:3      | Succumbed to a scorpion's poison

Vault maps used:
D:1:      mushboom_english_gardens, minmay_tree_intersection
D:3:      okawaru_altar_gauntlet_db, fedhas_altar_3, uniq_natasha, uniq_terence

Skill      XL: |  1  2  3  4 |
---------------+-------------+-----
Throwing       | 1 2 |  2.7
Armour         | 2 3 |  3.9
Fighting       | |  3.0
Long Blades    | |  1.7
Dodging        | |  0.8
Invocations    | |  2.4

Action                   |  1- 3 |  4- 6 || total
-------------------------+-------+-------++-------
Melee: Hand axe          |   221 |   262 ||   483
Throw: Stone             |    96 |    68 ||   164
Invok: Depart the Abyss  |     1 |       ||     1
  Use: Scroll            |     1 |     3 ||     4
       Potion            |       |     4 ||     4
  Eat: Chunk             |     3 |     5 ||     8
       Meat ration       |       |     1 ||     1
